 Dungeon Crawl Stone Soup version 0.29.1-14-g9c671dbff4 (webtiles) character file.

Game seed: 14433392111105489425

154 boopmooplesden the Trooper (level 5, -4/47 HPs)
             Began as a Minotaur Fighter on Feb 17, 2023.
             Succumbed to a gnoll's poison
             ... on level 2 of the Dungeon.
             The game lasted 00:02:26 (1709 turns).

boopmooplesden the Trooper (Minotaur Fighter)       Turns: 1709, Time: 00:02:26

Health: -4/47      AC:  7    Str: 23    XL:     5   Next: 13%
Magic:  4/4        EV:  9    Int:  5    God:
Gold:   68         SH:  4    Dex:  9    Spells: 4/4 levels left

rFire   . . .      SeeInvis .   a - +0 war axe
rCold   . . .      Faith    .   c - +0 buckler
rNeg    . . .      Spirit   .   b - +0 scale mail
rPois   .          Reflect  .   (helmet restricted)
rElec   .          Harm     .   (no cloak)
rCorr   .          Rampage  .   (no gloves)
Will    .....                   (no boots)
Stlth   ..........              (no amulet)
HPRegen 0.15/turn               (no ring)
MPRegen 0.09/turn               (no ring)

@: mighty, lethally poisoned (-4 -> -35), attractive
A: horns 2, retaliatory headbutt
a: no special abilities


You were on level 2 of the Dungeon.
You visited 1 branch of the dungeon, and saw 2 of its levels.

You collected 68 gold pieces.

Inventory:

Hand Weapons
 a - a +0 war axe (weapon)
Missiles
 o - 5 javelins (quivered)
Armour
 b - a +0 scale mail (worn)
 c - a +0 buckler (worn)
Jewellery
 l - a +4 ring of evasion
 s - a ring of willpower
Scrolls
 e - 4 scrolls of identify {unknown}
 f - 2 scrolls of teleportation {unknown}
 i - a scroll of amnesia {unknown}
 j - a scroll of silence {unknown}
 k - 4 scrolls of fear {unknown}
 m - a scroll of enchant weapon {unknown}
 n - a scroll of noise {unknown}
 q - a scroll of magic mapping {unknown}
 r - a scroll of immolation {unknown}
Potions
 p - a potion of brilliance {unknown}
 t - a potion of mutation {unknown}


   Skills:
 + Level 4.5 Fighting
 + Level 4.5 Axes
 + Level 0.1 Throwing
 + Level 4.2 Armour
 + Level 0.8 Dodging
 + Level 0.2 Stealth
 + Level 4.3 Shields


You had 4 spell levels left.
You didn't know any spells.
Your spell library contained the following spells:

 Spells                   Type           Power      Damage    Failure   Level
 Ozocubu's Armour         Ice            0%         N/A       99%         3
 Ozocubu's Refrigeration  Ice            0%         4d7       100%        7


Dungeon Overview and Level Annotations

Branches:
Dungeon (2/15)

Altars:


Innate Abilities, Weirdness & Mutations

You have a pair of horns on your head.
You reflexively headbutt those who attack you in melee.


Message History

The gnoll attacks as you move away! The gnoll completely misses you.
You closely miss the gnoll. You headbutt the gnoll!
You kill the gnoll!
The gnoll hits you from afar with a +0 spear.
You have reached level 5!
You block the gnoll's attack. The gnoll barely misses you.
You see here a +0 whip.
You slash the gnoll!
The gnoll is almost dead.
The gnoll hits you from afar with a +1 halberd of venom.
You are poisoned.
You block the gnoll's attack.
You barely miss the gnoll.
The gnoll is almost dead.
You feel very sick. The gnoll barely misses you.
The gnoll hits you with a +0 spear!
The gnoll hits you from afar with a +1 halberd of venom!
* * * LOW HITPOINT WARNING * * *
The gnoll barely misses you. You furiously retaliate!
You headbutt the gnoll!
You kill the gnoll!
You feel sick.
It was a potion of attraction.
You feel attractive to monsters.
You feel sick.
The gnoll hits you from afar with a +1 halberd of venom.
* * * LOW HITPOINT WARNING * * *
You are more poisoned.
The gnoll is attracted toward you.
It was a potion of heal wounds.
You feel much better.
You feel very sick.
The gnoll hits you with a +1 halberd of venom!
* * * LOW HITPOINT WARNING * * *
You are more poisoned.
You feel very mighty all of a sudden.
* * * LOW HITPOINT WARNING * * *
You feel extremely sick. The gnoll barely misses you.
You slash the gnoll!
The gnoll is severely wounded.
You die...

.. ....... ........
##......#.###
............. ####+####
##.... #......
#.......###...# #.#....
#.##..♣..##...# ###..
####.#..♣♣.@g§...# #..
#...<#......##)..# #..
#.##......#.##...# ###
#..
####...†...#.#.##...#
#....###
#....###...#.#.##.....
#....†
#.##.......#...##....##
#.###.
#.##################.#
#.#.#. #.##....##.. ..
#..... #.##.#.###.#####
#####.


You could see a gnoll.

Vanquished Creatures
  Jessica (D:2)
  Robin (D:2)
  3 adders (D:2)
  2 gnolls (D:2)
  4 dart slugs
  4 ball pythons
  5 bats
  7 endoplasms
  2 giant cockroaches (D:1)
  12 goblins
  6 hobgoblins
  4 kobolds (D:2)
  2 quokkas (D:2)
  4 frilled lizards
  4 rats
61 creatures vanquished.

Vanquished Creatures (others)
  6 demonic plants (D:2)
  3 fungi (D:2)
  5 plants (D:2)
  A withered plant (D:2)
15 creatures vanquished.

Grand Total: 76 creatures vanquished

Notes
Turn   | Place    | Note
-------+----------+-------------------------------------------
     0 | D:1      | boopmooplesden the Minotaur Fighter began the quest for the
                  | Orb.
     0 | D:1      | Reached XP level 1. HP: 19/19 MP: 0/0
   136 | D:1      | Reached XP level 2. HP: 27/27 MP: 1/1
   747 | D:1      | Reached XP level 3. HP: 33/33 MP: 2/2
   923 | D:2      | Found a faded altar of an unknown god.
   992 | D:2      | Noticed Jessica
   996 | D:2      | Killed Jessica
   997 | D:2      | Reached XP level 4. HP: 34/41 MP: 3/3
  1309 | D:2      | Noticed Robin
  1317 | D:2      | Killed Robin
  1702 | D:2      | Reached XP level 5. HP: 34/47 MP: 4/4
  1706 | D:2      | HP: 2/47 [gnoll/+1 halberd of venom (6)]
  1709 | D:2      | Succumbed to a gnoll's poison

Illustrated notes

Levels and vault maps discovered:
D:1:      roderic_chinese_lattice_arrival, layout_basic
D:2:      layout_basic, shapermc_ecumenical_altar_gd, chequers_mini_garden,
          uniq_robin, uniq_jessica

Skill      XL: |  1  2  3  4 |
---------------+-------------+-----
Fighting       | 4 |  4.5
Shields        | 4 |  4.3
Armour         | 4 |  4.2
Axes           | 3 4 |  4.5
Throwing       | |  0.1
Dodging        | |  0.8
Stealth        | |  0.2

Action                   |  1- 3 |  4- 6 || total
-------------------------+-------+-------++-------
Melee: War axe           |    50 |    51 ||   101
       Headbutt          |     8 |    10 ||    18
Throw: Javelin           |       |     4 ||     4
  Use: Potion            |       |     3 ||     3
Armor: Scale mail        |    23 |    34 ||    57
Dodge: Dodged            |    19 |    43 ||    62
Block: Buckler           |    14 |    23 ||    37
